 Dungeon Crawl Stone Soup version 0.24.0-13-gcf9b319 (webtiles) character file.

Game seed: 18325023405759157894, levelgen mode: deterministic

812 Bronimir the Quickloader (level 7, 0/62 HPs)
             Began as a Deep Dwarf Hunter on Mar 31, 2020.
             Slain by an ogre
             ... wielding a +0 giant spiked club
              (23 damage)
             ... on level 5 of the Dungeon on Apr 1, 2020.
             The game lasted 00:17:46 (3785 turns).

Bronimir the Quickloader (Deep Dwarf Hunter)        Turns: 3785, Time: 00:17:47

Health: 0/62       AC:  9    Str: 17    XL:     7   Next: 61%
Magic:  16/16 (7)  EV: 10    Int: 12    God:
Gold:   192        SH:  4    Dex: 13    Spells: 6/6 levels left

rFire    . . .     SeeInvis +   a - +1 hand crossbow
rCold    . . .     Gourm    .   i - +0 buckler
rNeg     . . .     Faith    .   M - +0 scale mail
rPois    .         Spirit   .   c - +0 helmet
rElec    .         Reflect  .   x - +0 cloak
rCorr    .         Harm     .   (no gloves)
MR       +....                  (no boots)
Stlth    ..........             (no amulet)
HPRegen  0.00/turn              n - ring of see invisible
MPRegen  0.15/turn              w - ring of magical power

@: non-regenerating
A: damage resistance, heal wounds, sense surroundings 1, no regeneration
a: Heal Wounds


You were on level 5 of the Dungeon.
You were hungry.

You visited 1 branch of the dungeon, and saw 5 of its levels.

You collected 192 gold pieces.

Inventory:

Hand Weapons
 a - a +1 hand crossbow (weapon)
 b - a +2 mace of holy wrath
 e - a +0 short sword
 l - a +0 spear
 o - a +0 hunting sling
 z - a +0 hand axe of electrocution
 A - a +0 hand axe
Missiles
 d - 6 bolts (quivered)
 h - 41 arrows
 m - 7 boomerangs
 p - 27 stones
 D - 7 poisoned darts
 E - 44 sling bullets
Armour
 c - a +0 helmet (worn)
 i - a +0 buckler (worn)
 u - a +0 ring mail
 x - a +0 cloak (worn)
 K - a +1 robe of the Archmagi
 M - a +0 scale mail (worn)
Jewellery
 n - a ring of see invisible (left hand)
 q - an uncursed ring of positive energy
 w - a ring of magical power (right hand)
 I - an uncursed ring of ice
 O - an uncursed ring of wizardry {unknown}
Wands
 s - a wand of clouds (4)
 F - a wand of polymorph (5)
Scrolls
 g - 3 scrolls of teleportation {unknown}
 j - 4 scrolls of remove curse {unknown}
 k - a scroll of fear {unknown}
 r - 8 scrolls of identify {unknown}
 t - 2 scrolls of amnesia {unknown}
 y - a scroll of noise {unknown}
 G - a scroll of blinking {unknown}
 L - a scroll of random uselessness {unknown}
 N - a scroll of fog {unknown}
 Q - a scroll of magic mapping {unknown}
Potions
 v - 2 potions of heal wounds {unknown}
 B - 2 potions of curing {unknown}
 C - a potion of brilliance {unknown}
 H - a potion of haste {unknown}
 J - 2 potions of cancellation {unknown}
 P - a potion of agility {unknown}
Comestibles
 f - 11 rations


   Skills:
 * Level 3.3 Fighting
 + Level 1.1 Maces & Flails
 * Level 8.0 Crossbows
 + Level 1.2 Throwing
 * Level 3.0 Armour
 + Level 2.8 Dodging
 - Level 1.2 Stealth
 * Level 2.9 Shields


You had 6 spell levels left.
You didn't know any spells.
Your spell library contained the following spells:

 Spells                   Type           Power        Failure   Level  Hunger
 Confusing Touch          Hex            #.....       77%         1    ##.....
 Confuse                  Hex            #.......     98%         3    ####...
 Gell's Gravitas          Tloc           #.........   98%         3    ####...
 Petrify                  Tmut/Erth      #.......     100%        4    #####..
 Metabolic Englaciation   Hex/Ice        #.........   100%        5    ######.
 Yara's Violent Unravell  Hex/Tmut       #.........   100%        5    ######.


Dungeon Overview and Level Annotations

Branches:
Dungeon (5/15)
 Temple: D:4-7

Altars:
Ashenzari
Gozag
Qazlal
The Shining One

Annotations:
D:3 Eustachio


Innate Abilities, Weirdness & Mutations

You are resistant to damage.
You can heal yourself by infusing magical energy.
You passively map a small area around you.
You do not regenerate.


Message History

You shoot a bolt.
The bolt barely misses the bullfrog zombie.
The bolt barely misses the ogre.
The bolt closely misses the orc.
The bolt barely misses the bullfrog.
The bullfrog zombie hits you but does no damage.
The bullfrog zombie barely misses you.
Firing (i - inventory. (/) - cycle)
d - 8 bolts (quivered)
Press: ? - help, Shift-Dir - straight line, f/p - orc
Aim: an orc, wielding a +0 hand axe (heavily wounded)
You shoot a bolt. The bolt hits the bullfrog zombie.
You destroy the bullfrog zombie!
Your Crossbows skill increases to level 8!
Your Armour skill increases to level 3!
Firing (i - inventory. (/) - cycle)
d - 7 bolts (quivered)
Press: ? - help, Shift-Dir - straight line, f/p - orc
Aim: an orc, wielding a +0 hand axe (heavily wounded)
You shoot a bolt. The bolt hits the ogre!
The ogre is severely wounded.
The ogre hits you with a +0 giant spiked club!!
You die...

* *# ** * ### ..
, ,.(. ... * * ,,
, *#.# ,.O). ,,
#.##..... * ,
#cF<..... * * ,
#o# , ,, * #O# ,
, *#. ###@# * <
*#..###...####.#
, #.............#
###.####.#.######
#...####.#.# ,
,##.......# *
#......#### *
##.......... , ,
#.###.##.##


You could see an ogre, a bullfrog, a centaur and an orc.

Vanquished Creatures
  A sky beast (D:5)
  Blork the orc (D:4)
  A bullfrog (D:4)
  A scorpion (D:5)
  2 bullfrog zombies
  2 orc priests
  2 hounds
  3 orc wizards
  Jessica (D:2)
  An iguana (D:4)
  2 worker ants (D:4)
  7 adders
  2 oozes (D:3)
  A worm (D:4)
  2 dart slugs
  4 leopard geckos
  11 orcs
  8 bats
  3 giant cockroaches
  3 hobgoblins
  8 jackals
  9 kobolds
  A quokka (D:3)
  A ball python (D:2)
  7 frilled lizards
  8 goblins
  10 rats
102 creatures vanquished.

Notes
Turn   | Place    | Note
-------+----------+-------------------------------------------
     0 | D:1      | Bronimir the Deep Dwarf Hunter began the quest for the Orb.
     0 | D:1      | Reached XP level 1. HP: 19/19 MP: 1/1
   193 | D:1      | Reached XP level 2. HP: 26/26 MP: 2/2
   289 | D:1      | Reached skill level 5 in Crossbows
   810 | D:2      | Reached XP level 3. HP: 32/32 MP: 3/3
   924 | D:2      | Found an opulent altar of Gozag.
  1117 | D:2      | Noticed Jessica
  1119 | D:2      | Killed Jessica
  1119 | D:2      | Reached XP level 4. HP: 37/39 MP: 4/4
  1210 | D:2      | Reached skill level 6 in Crossbows
  1343 | D:2      | Found a stormy altar of Qazlal.
  1344 | D:2      | Reached skill level 1 in Shields
  1605 | D:3      | Reached XP level 5. HP: 31/46 MP: 5/5
  2127 | D:3      | Reached skill level 1 in Armour
  2389 | D:3      | Reached skill level 1 in Throwing
  2529 | D:4      | Noticed Eustachio
  2586 | D:4      | Reached XP level 6. HP: 18/55 MP: 6/6
  2588 | D:4      | Reached skill level 1 in Maces & Flails
  2897 | D:4      | Found a shattered altar of Ashenzari.
  2939 | D:4      | Reached skill level 7 in Crossbows
  3069 | D:4      | Noticed Blork the orc
  3083 | D:4      | Killed Blork the orc
  3083 | D:4      | Reached XP level 7. HP: 10/62 MP: 7/7
  3448 | D:5      | Entered Level 5 of the Dungeon
  3536 | D:5      | Found a glowing golden altar of the Shining One.
  3784 | D:5      | Reached skill level 8 in Crossbows
  3785 | D:5      | Slain by an ogre

Levels and vault maps discovered:
D:1:      erik_arrival_triangle_medium, layout_loops_cross, minmay_distorted
D:2:      layout_loops_ring, old_standard_altar, first_ration,
          nicolae_qazlal_general_emergency, uniq_jessica
D:3:      layout_basic
D:4:      layout_loops_ring, lemuel_crystal_altar, dk_vineyard_1,
          uniq_blork_the_orc, uniq_eustachio
D:5:      layout_loops_ring, nicolae_tso_swordbearing_angel

Skill      XL: |  1  2  3  4  5  6  7 |
---------------+----------------------+-----
Crossbows      | 5 6 7 8 |  8.0
Fighting       | 2 3 |  3.3
Shields        | 1 2 |  2.9
Armour         | 1 2 3 |  3.0
Throwing       | 1 |  1.2
Maces & Flails | 1 |  1.1
Dodging        | |  2.8
Stealth        | |  1.2

Action                   |  1- 3 |  4- 6 |  7- 9 || total
-------------------------+-------+-------+-------++-------
Melee: Spear             |     5 |       |       ||     5
       Hand axe          |     3 |       |       ||     3
       Mace              |       |    76 |       ||    76
 Fire: Hand crossbow     |    64 |   114 |    50 ||   228
Throw: Boomerang         |     5 |    35 |       ||    40
 Abil: Heal Wounds       |       |     2 |     1 ||     3
 Stab: Sleeping          |     1 |       |       ||     1
  Eat: Chunk             |       |     6 |     2 ||     8
Armor: Leather armour    |     6 |       |       ||     6
       Ring mail         |     3 |    61 |     1 ||    65
       Scale mail        |       |       |    14 ||    14
Dodge: Dodged            |    12 |   123 |    13 ||   148
Block: Buckler           |     2 |    32 |     2 ||    36
